 Dungeon Crawl Stone Soup version 0.30-a0-772-g5528072125 (webtiles) character file.

Game seed: 4907829789920318086

105 avis the Shooter (level 4, -4/36 HPs)
             Began as a Demigod Hunter on Feb 13, 2023.
             Slain by a scorpion (5 damage)
             ... on level 4 of the Dungeon.
             The game lasted 00:11:24 (2868 turns).

avis the Shooter (Demigod Hunter)                   Turns: 2868, Time: 00:11:25

Health: -4/36      AC:  3    Str: 10 (12) XL:     4   Next: 29%
Magic:  6/6        EV: 12    Int:  8 (11) God:
Gold:   152        SH:  0    Dex: 20 (21) Spells: 3/3 levels left

rFire   . . .      SeeInvis .    a - +0 shortbow
rCold   . . .      Faith    .    (shield currently unavailable)
rNeg    . . .      Spirit   .    c - +0 leather armour
rPois   .          Reflect  .    (no helmet)
rElec   .          Harm     .    (no cloak)
rCorr   .          Rampage  .    (no gloves)
Will    .....                    (no boots)
Stlth   ++                       (no amulet)
HPRegen 0.26/turn                (no ring)
MPRegen 0.10/turn                (no ring)

@: lethally poisoned (-4 -> -7)
A: high MP 1, forlorn, divine attributes
a: no special abilities


You were on level 4 of the Dungeon.
You visited 1 branch of the dungeon, and saw 4 of its levels.

You collected 152 gold pieces.

Inventory:

Hand Weapons
 a - a +0 shortbow (weapon)
Missiles
 h - 5 poisoned darts
Armour
 c - a +0 leather armour (worn)
Magical Staves
 l - a staff of earth
Scrolls
 b - a scroll of immolation
 d - 2 scrolls of poison {unknown}
 e - a scroll of noise {unknown}
 g - a scroll of magic mapping {unknown}
 i - a scroll of teleportation {unknown}
 j - 4 scrolls of fog {unknown}
 k - a scroll of fear {unknown}
 m - a scroll of torment {unknown}
 o - a scroll of identify {unknown}
 p - a scroll of enchant weapon {unknown}


   Skills:
 - Level 2.0 Fighting
 * Level 5.0 Ranged Weapons
 - Level 2.0 Dodging
 - Level 2.0 Stealth


You had 3 spell levels left.
You didn't know any spells.
Your spell library was empty.

Dungeon Overview and Level Annotations

Branches:
Dungeon (4/15)
 Temple: D:4-7

Shops:
D:4 !

Annotations:
D:1 Deep water not searched.


Innate Abilities, Weirdness & Mutations

You have an increased reservoir of magic. (+10% MP)
You shall have no god before yourself.
Your divine heritage dramatically boosts your attributes as you level up.


Message History

Okay, then.
You feel much better.
You feel sick. The scorpion stings you.
You are more poisoned.
The scorpion poisons you!
Fire: a) +0 shortbow
Press: ? - help, Q - select action, (/) - cycle Shift-Dir - straight line, f/p - scorpion
Aim: a scorpion (almost dead, 65% to hit)
You shoot an arrow. The arrow closely misses the scorpion.
The arrow hits the orc.
The orc is almost dead.
You feel very sick. The scorpion stings you! The scorpion barely misses you.
Fire: a) +0 shortbow
Press: ? - help, Q - select action, (/) - cycle Shift-Dir - straight line, f/p - scorpion
Aim: a scorpion (almost dead, 65% to hit)
You shoot an arrow. The arrow closely misses the scorpion.
The arrow closely misses the orc.
You feel very sick. The scorpion stings you.
Fire: a) +0 shortbow
Press: ? - help, Q - select action, (/) - cycle Shift-Dir - straight line, f/p - scorpion
Aim: a scorpion (almost dead, 65% to hit)
You shoot an arrow. The arrow barely misses the scorpion.
The arrow hits the orc.
You kill the orc!
You feel sick. The scorpion closely misses you. The scorpion stings you.
* * * LOW HITPOINT WARNING * * *
Fire: a) +0 shortbow
Press: ? - help, Q - select action, (/) - cycle Shift-Dir - straight line, f/p - scorpion
Aim: a scorpion (almost dead, 65% to hit)
You shoot an arrow. The arrow hits the scorpion.
The scorpion is almost dead.
* * * LOW HITPOINT WARNING * * *
You feel sick. The scorpion closely misses you.
It was a potion of degeneration.
There was something very wrong with that liquid.
You feel weakened.
You feel dopey.
You feel clumsy.
* * * LOW HITPOINT WARNING * * *
You feel sick. The scorpion stings you.
You die...

#.# #.# #.# #.#
#.# #.# #.#
###.###########
#....)s@......#
##.######.######
###..## #.#
###.s.#.# #.#
#...###.# #.#
#o###
#.#####.###
......#
#.........##
.......
#.#######..###
.....#.# #.#
##...#


You could see a scorpion.

Vanquished Creatures
  An orc wizard (D:4)
  A worm (D:3)
  A dart slug (D:1)
  8 orcs
  3 endoplasms
  A giant cockroach (D:1)
  6 goblins
  9 hobgoblins
  11 jackals
  A quokka (D:1)
  7 ball pythons
  2 bats
  4 kobolds
  7 rats
62 creatures vanquished.

Notes
Turn   | Place    | Note
-------+----------+-------------------------------------------
     0 | D:1      | avis the Demigod Hunter began the quest for the Orb.
     0 | D:1      | Reached XP level 1. HP: 17/17 MP: 3/3
   204 | D:1      | Reached skill level 4 in Ranged Weapons
   227 | D:1      | Reached XP level 2. HP: 24/24 MP: 4/4
   269 | D:1      | Reached skill level 1 in Stealth
   975 | D:2      | Reached XP level 3. HP: 29/29 MP: 5/5
  2704 | D:4      | Reached XP level 4. HP: 31/36 MP: 6/6
  2782 | D:4      | Reached skill level 5 in Ranged Weapons
  2793 | D:4      | Found Nyorixy's Distillery.
  2868 | D:4      | HP: 1/36 [poisoned by a scorpion]
  2868 | D:4      | Slain by a scorpion

Illustrated notes

Levels and vault maps discovered:
D:1:      scummos_arrival_simple_crosswalls, layout_loops_ring,
          chequers_serial_rivers_small_3
D:2:      layout_basic
D:3:      layout_loops_ring, mainiacjoe_overflow_paths,
          ebering_ecumenical_altar_rust, kennysheep_generic_room_12
D:4:      layout_basic, evilmike_ruin_ashenzari, minmay_temple_entry_slanted,
          serial_shops, nicolae_shop_temple_entry_statues_fountains

Skill      XL: |  1  2  3  4 |
---------------+-------------+-----
Fighting       | 2 |  2.0
Ranged Weapons | 4 5 |  5.0
Dodging        | 2 |  2.0
Stealth        | 2 |  2.0

Action                     |  1- 3 |  4- 6 || total
---------------------------+-------+-------++-------
   Fire: Shortbow          |   139 |    19 ||   158
    Use: Potion            |       |     3 ||     3
 Armour: Leather armour    |    11 |     1 ||    12
  Dodge: Dodged            |    52 |    14 ||    66

Table legend: (Time is in decaauts)
 A = Elapsed time spent in this place.
 B = Non-inter-level travel time spent in this place.
 C = Inter-level travel time spent in this place.
 D = Time resting spent in this place.
 E = Time spent auto-exploring this place.
 F = Levels seen in this place.
 G = Mean time per level.
                   A        B        C        D        E       F      G
               +--------+--------+--------+--------+--------+-----+--------+
         Total |   2925 |   2544 |    381 |    222 |   1683 |   4 |  731.2 |
       Dungeon |   2925 |   2544 |    381 |    222 |   1683 |   4 |  731.2 |
               +--------+--------+--------+--------+--------+-----+--------+

Top non-repeatable levels by time:
     D:1: 1062 daAuts
     D:3: 897 daAuts
     D:2: 815 daAuts
     D:4: 150 daAuts
